 Dungeon Crawl Stone Soup version 0.27-a0-1334-g2746e35aca (webtiles) character file.

Game seed: 12935243397029516873

1056 bande the Chopper (level 8, -1/48 HPs)
             Began as a Gargoyle Fighter on June 27, 2021.
             Was a Follower of Okawaru.
             Slain by Sigmund (8 damage)
             ... on level 5 of the Dungeon.
             The game lasted 00:08:55 (7080 turns).

bande the Chopper (Gargoyle Fighter)                Turns: 7080, Time: 00:08:56

Health: -1/48      AC: 19    Str: 22    XL:     8   Next: 26%
Magic:  8/8        EV:  5    Int:  8    God:    Okawaru [*.....]
Gold:   216        SH: 10    Dex: 10    Spells: 7/7 levels left

rFire    . . .     SeeInvis .   a - +0 war axe
rCold    . . .     Faith    .   c - +0 kite shield
rNeg     + . .     Spirit   .   m - +0 plate armour
rPois    ∞         Reflect  .   l - +0 helmet
rElec    +         Harm     .   (no cloak)
rCorr    .         Rampage  .   (no gloves)
Will     .....                  (no boots)
Stlth    ..........             (no amulet)
HPRegen  0.16/turn              (no ring)
MPRegen  0.11/turn              (no ring)

@: no status effects
A: sickness immunity, AC +5, negative energy resistance 1, electricity
resistance, torment resistance 1, petrification resistance
a: Renounce Religion, Heroism


You were on level 5 of the Dungeon.
You worshipped Okawaru.
Okawaru was aware of your devotion.
You visited 1 branch of the dungeon, and saw 5 of its levels.

You collected 216 gold pieces.

Inventory:

Hand Weapons
 a - a +0 war axe (weapon)
 j - a +4 flail of holy wrath
Missiles
 i - 7 atropa-tipped darts (quivered)
Armour
 c - a +0 kite shield (worn)
 l - a +0 helmet (worn)
 m - a +0 plate armour (worn)
Scrolls
 d - 2 scrolls of amnesia
 e - a scroll of fog
 f - a scroll of teleportation
 h - 3 scrolls of magic mapping


   Skills:
 + Level 4.7 Fighting
 + Level 6.1 Axes
 + Level 5.6 Armour
 + Level 1.0 Dodging
 + Level 5.3 Shields
 * Level 1.1 Invocations


You had 7 spell levels left.
You didn't know any spells.
Your spell library contained the following spells:

 Spells                   Type           Power      Damage    Failure   Level
 Corona                   Hex            0%         N/A       100%        1
 Magic Dart               Conj           0%         1d3       100%        1
 Searing Ray              Conj           0%         3d3       100%        2
 Slow                     Hex            0%         N/A       100%        2
 Confusing Touch          Hex            0%         N/A       100%        3
 Dazzling Flash           Conj/Hex       0%         N/A       100%        3
 Gell's Gravitas          Tloc           0%         N/A       100%        3
 Inner Flame              Hex/Fire       0%         N/A       100%        3
 Portal Projectile        Hex/Tloc       0%         N/A       100%        3
 Cause Fear               Hex            0%         N/A       100%        4
 Fulminant Prism          Conj/Hex       0%         3d6       100%        4
 Iskenderun's Mystic Bla  Conj/Tloc      0%         2d3       100%        4
 Leda's Liquefaction      Hex/Erth       0%         N/A       100%        4
 Petrify                  Tmut/Erth      0%         N/A       100%        4
 Metabolic Englaciation   Hex/Ice        0%         N/A       100%        5
 Yara's Violent Unravell  Hex/Tmut       0%         3d3       100%        5


Dungeon Overview and Level Annotations

Branches:
Dungeon (5/15)
 Temple: D:4-7

Altars:
Kikubaaqudgha
Okawaru
Trog

Annotations:
D:5 1 runed translucent door, Crazy Yiuf, Sigmund


Innate Abilities, Weirdness & Mutations

You are immune to sickness and miasma.
Your stone body is resilient. (AC +5)
You are immune to poison.
You resist negative energy. (rN+)
You are resistant to electric shocks. (rElec)
You are resistant to unholy torment.
You are immune to petrification.


Message History

You barely miss the hobgoblin.
The hobgoblin is heavily wounded.
You hit the hobgoblin.
You kill the hobgoblin!
Okawaru accepts your kill.
You slash something!
The hobgoblin hits you but does no damage.
Something hits you but does no damage. The hobgoblin completely misses you.
Something hits you but does no damage.
You barely miss the hobgoblin.
The hobgoblin is heavily wounded.
You miss something.
The hobgoblin hits you with a +0 scythe!
Something hits you!
Unknown command.
Your shield and plate armour prevent you from hitting the hobgoblin.
The hobgoblin is heavily wounded.
You hit something but do no damage.
The hobgoblin hits you with a +0 scythe!
You hear some strange, mumbled words.
A magic dart appears from out of thin air!
The magic dart hits you!
* * * LOW HITPOINT WARNING * * *
You block the hobgoblin's attack.
You slash the hobgoblin!
You kill the hobgoblin!
Okawaru accepts your kill.
You closely miss something. Something hits you but does no damage.
Something completely misses you.
You slash something!
You hear some strange, mumbled words.
Something tries to affect you, but you resist.
You hit something. Something hits you.
* * * LOW HITPOINT WARNING * * *
Something hits you but does no damage.
You closely miss something. Something hits you.
* * * LOW HITPOINT WARNING * * *
You aren't carrying any potions.
You miss something. Something hits you!
You die...

....#.#.##........#
..#.#.#.##........#
....#.#.##........#
....#.#.##........#
....#.#.##........#
....#.#.##........#
###.#.#.##........#
###...#...........#
#.............##@##
#.##..#.......#)){#
#.###>#.......#...#
..# ###.......#####
### #.......# ..#
#.......# #.#
#.......# #.#
#.......# #.#
#..)....#


There were no monsters in sight!

Vanquished Creatures
  Eustachio (D:4)
  Edmund (D:5)
  A water moccasin (D:5)
  2 ogres (D:4)
  A phantom (D:4)
  2 scorpions
  An orc priest (D:2)
  A hound (D:5)
  An iguana (D:4)
  Natasha (thrice) (D:2)
  A hound zombie (D:5)
  A hound skeleton (D:5)
  3 gnolls
  3 adders
  2 worms
  4 dart slugs
  3 orcs
  6 ball pythons
  4 endoplasms
  5 giant cockroaches
  11 hobgoblins
  5 jackals
  4 quokkas
  3 bats
  5 frilled lizards
  8 goblins
  9 kobolds
  4 rats
95 creatures vanquished.

Notes
Turn   | Place    | Note
-------+----------+-------------------------------------------
     0 | D:1      | bande the Gargoyle Fighter began the quest for the Orb.
     0 | D:1      | Reached XP level 1. HP: 14/14 MP: 1/1
    85 | D:1      | Reached XP level 2. HP: 18/19 MP: 2/2
   432 | D:1      | Reached skill level 2 in Axes
   492 | D:1      | Reached XP level 3. HP: 12/23 MP: 3/3
   939 | D:1      | Found a faded altar of an unknown god.
  1490 | D:2      | Noticed Natasha
  1497 | D:2      | Killed Natasha
  1498 | D:2      | Reached XP level 4. HP: 25/28 MP: 4/4
  1561 | D:2      | Found a bloodstained altar of Trog.
  1780 | D:2      | Noticed Natasha
  1790 | D:2      | Killed Natasha
  1791 | D:2      | Reached skill level 3 in Axes
  1791 | D:2      | Reached XP level 5. HP: 20/32 MP: 5/5
  1982 | D:2      | Noticed Natasha
  2034 | D:2      | Killed Natasha
  2527 | D:2      | Reached skill level 4 in Axes
  2897 | D:3      | Reached XP level 6. HP: 35/38 MP: 6/6
  3495 | D:4      | Found an ancient bone altar of Kikubaaqudgha.
  3559 | D:4      | Reached skill level 1 in Dodging
  4076 | D:4      | Reached skill level 5 in Axes
  4076 | D:4      | Reached XP level 7. HP: 7/43 MP: 7/7
  4655 | D:4      | Noticed Eustachio
  4705 | D:4      | HP: 2/43 [Eustachio (2)]
  4706 | D:4      | Killed Eustachio
  5341 | D:4      | Reached skill level 5 in Armour
  5734 | D:5      | Entered Level 5 of the Dungeon
  5740 | D:5      | Found an iron altar of Okawaru.
  5754 | D:5      | Became a worshipper of Warmaster Okawaru
  5832 | D:5      | Noticed Edmund
  5848 | D:5      | Killed Edmund
  5849 | D:5      | Reached skill level 5 in Shields
  6139 | D:5      | Reached skill level 6 in Axes
  6139 | D:5      | Reached XP level 8. HP: 31/48 MP: 8/8
  6532 | D:5      | Found a runed translucent door.
  6533 | D:5      | Noticed Crazy Yiuf
  6557 | D:5      | Reached * piety under Okawaru
  6689 | D:5      | Reached skill level 1 in Invocations
  7070 | D:5      | Noticed Sigmund
  7080 | D:5      | Slain by Sigmund

Illustrated notes

Levels and vault maps discovered:
D:1:      shiori_arrival_whats_in_store_for_you, layout_rooms, serial_aquarium,
          aquarium_bridge_long_separate [aquarium_subvault_bridge,
          aquarium_subvault_wall, aquarium_subvault_bridge,
          aquarium_subvault_balcony, aquarium_subvault_balcony,
          aquarium_subvault_bridge], aquarium_bridge_straight
          [aquarium_subvault_bridge, aquarium_subvault_window,
          aquarium_subvault_bridge, aquarium_subvault_balcony],
          aquarium_window_3, aquarium_window_fake, aquarium_window_fake,
          aquarium_view_2d, aquarium_pool_five,
          hellmonk_ecumenical_altar_zigzags, minmay_misc_feat_ornament,
          minmay_pentomino_o4
D:2:      layout_loops_ring, basic_altar, uniq_natasha
D:3:      layout_basic
D:4:      layout_gridville, kennysheep_little_box, uniq_eustachio
D:5:      minmay_diamond_boxcup, layout_basic, okawaru_gym_becter, sigmund_army,
          uniq_crazy_yiuf_cottage, uniq_edmund

Skill      XL: |  1  2  3  4  5  6  7  8 |
---------------+-------------------------+-----
Axes           | 2 3 4 5 6 |  6.1
Armour         | 4 5 |  5.6
Shields        | 4 5 |  5.3
Dodging        | 1 |  1.0
Fighting       | 4 |  4.7
Invocations    | 1 |  1.1

Action                   |  1- 3 |  4- 6 |  7- 9 || total
-------------------------+-------+-------+-------++-------
Melee: War axe           |   114 |   144 |   110 ||   368
  Use: Potion            |     1 |     1 |     5 ||     7
       Scroll            |       |     4 |     3 ||     7
Armor: Scale mail        |    60 |    20 |       ||    80
       Plate armour      |       |    68 |   120 ||   188
Dodge: Dodged            |    47 |    29 |    22 ||    98
Block: Kite shield       |    64 |    84 |    76 ||   224

Table legend: (Time is in decaauts)
 A = Elapsed time spent in this place.
 B = Non-inter-level travel time spent in this place.
 C = Inter-level travel time spent in this place.
 D = Time resting spent in this place.
 E = Time spent auto-exploring this place.
 F = Levels seen in this place.
 G = Mean time per level.
                   A        B        C        D        E       F      G
               +--------+--------+--------+--------+--------+-----+--------+
         Total |   7279 |   7256 |     23 |   2743 |   3414 |   5 | 1455.8 |
       Dungeon |   7279 |   7256 |     23 |   2743 |   3414 |   5 | 1455.8 |
               +--------+--------+--------+--------+--------+-----+--------+

Top non-repeatable levels by time:
     D:4: 2301 daAuts
     D:2: 1554 daAuts
     D:5: 1371 daAuts
     D:1: 1237 daAuts
     D:3: 815 daAuts
